Map: Dusk Towers

Players

blackxored - Winner!

  • Race: Zerg Zerg
  • League: Diamond

GGoSu

  • Race: Zerg Zerg
  • League: Platinum

VOD

Have the link to the VOD?

Description

Time

  • Played on: July 2, 2016, 2:06 a.m.
  • Length: 10:46
Show
View Real Time Build Order
Export as new Build Order

blackxored Zerg - Winner!

Build Orders: Hatch First 

Get SALT Encoding   

  12  0:01  Drone  
  13  0:08  Drone  
  14  0:17  Overlord  
  14  0:22  Extractor  
  14  0:23  Drone  
  15  0:37  Drone x2  
  17  0:55  Hatchery  
  16  0:57  Drone  
  16  1:01  Drone  
  18  1:12  Extractor  
  18  1:16  Spawning Pool  
  18  1:17  Drone  
  17  1:20  Drone  
  18  1:27  Drone  
  19  1:38  Overlord  
  19  1:53  Drone  
  20  2:02  Queen  
  20  2:03  Zergling x2  
  23  2:10  Queen, Spine Crawler  
  23  2:11  Zergling x4  
  26  2:15  Metabolic Boost  
  26  2:26  Drone  
  26  2:29  Drone x2  
  29  2:36  Baneling Nest  
  28  3:00  Hatchery  
  27  3:05  Drone  
  27  3:06  Drone x3  
  27  3:07  Drone  
  31  3:20  Zergling x8  
  35  3:34  Overlord  
  35  3:36  Lair  
  35  3:51  Drone  
  35  3:54  Drone x5  
  41  4:04  Drone x3  
  41  4:06  Overlord  
  44  4:17  Drone  
  44  4:18  Drone x3  
  44  4:19  Drone  
  44  4:23  Drone  
  50  4:24  Extractor  
  50  4:25  Extractor  
  50  4:26  Drone  
  49  4:33  Drone  
  49  4:34  Drone x2  
  49  4:35  Extractor, Drone  
  52  4:39  Spire, Drone  
  52  4:41  Drone x2  
  53  4:55  Zergling x2  
  53  4:56  Zergling x12  
  55  5:03  Zergling x6  
  54  5:19  Zergling x12  
  58  5:30  Overlord x3  
  58  5:38  Overlord x4  
  58  5:43  Baneling x3  
  58  5:44  Baneling x3  
  58  5:48  Queen  
  60  5:52  Mutalisk x2  
  64  6:05  Mutalisk x3  
  69  6:29  Mutalisk  
  69  6:30  Mutalisk x2  
  72  6:36  Hatchery  
  69  6:48  Mutalisk  
  69  6:49  Mutalisk  
  70  6:56  Drone x3  
  70  7:00  Zerg Flyer Armor Level 1  
  73  7:07  Drone x3  
  76  7:13  Zergling x6  
  76  7:14  Zergling x8  
  83  7:22  Mutalisk  
  85  7:27  Mutalisk  
  87  7:33  Hatchery, Mutalisk  
  87  7:35  Overlord  
  88  7:40  Mutalisk  
  90  7:48  Mutalisk  
  92  7:54  Mutalisk  
  94  7:59  Drone x2  
  94  8:00  Drone x5  
  99  8:18  Mutalisk x2  
  99  8:36  Mutalisk x2  
  99  8:39  Zergling x20  
  113  9:08  Drone x10  
  123  9:12  Extractor  
  118  9:24  Mutalisk x2  
  118  9:25  Mutalisk x2  
  126  9:40  Drone x2  
  126  9:41  Extractor  
  126  9:42  Drone  
  128  9:48  Infestation Pit  
  127  10:00  Zergling x2  
  127  10:01  Overlord  
  127  10:02  Overlord x2  
Show
View Real Time Build Order
Export as new Build Order

GGoSu Zerg 

Build Orders: Hatch First 

Get SALT Encoding   

  12  0:01  Drone  
  13  0:12  Overlord  
  13  0:18  Drone  
  14  0:30  Drone x2  
  14  0:35  Drone  
  17  0:45  Drone  
  18  0:56  Hatchery  
  18  0:57  Drone  
  18  0:59  Extractor  
  17  1:06  Drone  
  18  1:15  Spawning Pool  
  17  1:22  Drone  
  18  1:28  Drone  
  19  1:39  Overlord  
  19  1:50  Drone  
  20  2:01  Queen  
  20  2:03  Zergling x2  
  20  2:07  Queen  
  25  2:09  Zergling x2  
  25  2:10  Spine Crawler  
  25  2:12  Zergling x2  
  25  2:13  Metabolic Boost  
  26  2:18  Drone  
  27  2:23  Drone  
  28  2:33  Drone  
  28  2:34  Baneling Nest, Drone  
  29  2:41  Drone  
  30  2:46  Drone  
  31  2:51  Drone  
  31  2:56  Zergling x2  
  33  3:06  Zergling x4  
  35  3:13  Drone  
  36  3:21  Overlord x2  
  36  3:32  Drone  
  36  3:34  Overlord  
  36  3:42  Drone x4  
  40  3:48  Drone  
  40  3:49  Drone x3  
  44  3:56  Zergling x8  
  48  4:12  Zergling x2  
  48  4:13  Roach Warren, Zergling x4  
  50  4:19  Hatchery  
  50  4:23  Lair  
  49  4:25  Queen  
  49  4:28  Drone x3  
  54  4:34  Baneling x4  
  54  4:35  Drone x3  
  54  4:37  Drone  
  58  4:42  Drone x2  
  59  5:05  Drone  
  59  5:12  Zergling x6  
  59  5:15  Zergling x4  
  59  5:16  Zergling x2  
  57  5:34  Extractor, Drone x3  
  59  5:36  Extractor  
  59  5:40  Drone x5  
  63  5:43  Drone  
  63  5:45  Drone  
  63  5:47  Glial Reconstitution  
  65  5:51  Evolution Chamber  
  63  6:02  Zergling x4  
  63  6:03  Zergling x2  
  61  6:15  Zergling x4  
  63  6:21  Zergling x2  
  61  6:28  Drone x3  
  61  6:29  Baneling x3  
  61  6:32  Queen  
  63  6:33  Drone  
  66  6:43  Zergling x2  
  65  6:54  Overlord x3  
  65  7:17  Spore Crawler  
  64  7:24  Spore Crawler  
  64  7:25  Spore Crawler  
  64  7:28  Spore Crawler  
  61  7:32  Spore Crawler x2  
  61  7:33  Drone  
  61  7:34  Infestation Pit, Spore Crawler, Drone x7  
  65  7:43  Overlord x2  
  65  7:44  Spore Crawler  
  61  8:01  Spore Crawler  
  61  8:02  Spore Crawler  
  61  8:03  Spore Crawler  
  58  8:05  Spore Crawler  
  57  8:15  Spore Crawler  
  57  8:18  Spore Crawler  
  53  8:24  Spore Crawler  
  49  8:33  Overlord x2, Queen  
  46  8:38  Queen  
  46  8:39  Queen  
  50  8:46  Hydralisk Den  
  49  8:57  Roach x4  
  49  8:58  Roach x6  
  49  8:59  Roach x2  
  70  9:27  Pathogen Glands  
  70  9:28  Hydralisk x2  
  74  9:45  Overlord  
  74  9:52  Overlord  
  74  10:02  Overlord x2  
  74  10:03  Overlord  
  68  10:30  Hydralisk Den  
Tags
 
Add a new tag
Caveats
  • Supply blocks, unpowered buildings, or Contaminate may cause inaccurate times.
  • Supply counts are checked every 10 seconds.